 Dungeon Crawl Stone Soup version 0.22-a0-422-g9628fc87f1 (webtiles) character file.

23 Manul the Twirler (level 2, -1/15 HPs)
             Began as a Vine Stalker Gladiator on May 18, 2018.
             Slain by a worm (7 damage)
             ... on level 2 of the Dungeon.
             The game lasted 00:00:41 (946 turns).

Manul the Twirler (Vine Stalker Gladiator)           Turns: 946, Time: 00:00:42

Health: -1/15      AC:  4    Str: 16    XL:     2   Next: 95%
Magic:  0/3        EV: 13    Int:  8    God:
Gold:   49         SH:  0    Dex: 15    Spells: 1/1 levels left

rFire    . . .     SeeInvis .   a - +0 quarterstaff
rCold    . . .     Gourm    .   (shield currently unavailable)
rNeg     . . .     Faith    .   b - +0 leather armour
rPois    .         Spirit   +   i - +0 helmet
rElec    .         Reflect  .   (no cloak)
rCorr    .         Harm     .   (no gloves)
MR       .....                  (no boots)
Stlth    +.........             (no amulet)
HPRegen  0.05/turn              (no ring)
MPRegen  0.08/turn              (no ring)

@: no status effects
A: fangs 2, magic shield, antimagic bite, no potion heal 3, rot immunity
a: no special abilities


You were on level 2 of the Dungeon.
You were not hungry.

You visited 1 branch of the dungeon, and saw 2 of its levels.

You collected 49 gold pieces.

Inventory:

Hand Weapons
 a - a +0 quarterstaff (weapon)
Missiles
 d - 3 throwing nets (quivered)
Armour
 b - a +0 leather armour (worn)
 c - a +0 helmet
 i - a +0 helmet (worn)
Scrolls
 g - 2 scrolls of identify {unknown}
 k - 2 scrolls of remove curse {unknown}
Potions
 e - a potion of mutation {unknown}
 h - a potion of heal wounds {unknown}
 j - a potion of brilliance {unknown}
 m - a potion of curing {unknown}
Comestibles
 f - 3 rations
 l - a chunk of flesh


   Skills:
 + Level 2.0 Fighting
 + Level 3.1 Staves
 + Level 1.9 Throwing
 + Level 2.7 Dodging


You had one spell level left.
You didn't know any spells.
Your spell library was empty.

Dungeon Overview and Level Annotations

Branches:
Dungeon (2/15)

Altars:


Innate Abilities, Weirdness & Mutations

You have extremely sharp teeth.
When hurt, damage is shared between your health and your magic reserves.
Your bite disrupts and absorbs the magic of your enemies.
Potions cannot restore your health.
You are immune to rotting.


Message History

The jackal misses you.
You sock the jackal!
You kill the jackal!
A worm comes into view.
Things that are here:
a jackal corpse x2
You hit the worm but do no damage. You bite the worm, but do no damage.
The worm misses you.
You hit the worm but do no damage. You bite the worm. You drain its power.
The worm is lightly wounded.
The worm misses you.
You sock the worm! You bite the worm, but do no damage.
The worm is heavily wounded.
The worm bites you.
You thump the worm! You bite the worm, but do no damage.
The worm is almost dead.
You barely miss the worm. Your bite misses the worm.
The worm is almost dead.
The worm bites you!
You die...

#...# ###.###
.#.####.############.#
.....................#
#######.##############
#†# #.# #.# #.# #@#
.......w# .###.....
...##.## #### ... ...
... ##.##


You could see a worm.

Vanquished Creatures
  An ooze (D:1)
  2 bats (D:1)
  3 goblins
  2 hobgoblins (D:1)
  4 jackals (D:2)
  A frilled lizard (D:2)
  2 kobolds (D:1)
  A rat (D:1)
16 creatures vanquished.

Notes
Turn   | Place    | Note
-------+----------+-------------------------------------------
     0 | D:1      | Manul the Vine Stalker Gladiator began the quest for the Orb.
     0 | D:1      | Reached XP level 1. HP: 11/11 MP: 2/2
   484 | D:1      | Reached XP level 2. HP: 15/15 MP: 3/3
   668 | D:1      | Reached skill level 3 in Staves
   946 | D:2      | Slain by a worm

Vault maps used:
D:1:      scummos_arrival_forest, minivault_24
D:2:      uniq_robin

Skill      XL: |  1  2 |
---------------+-------+-----
Fighting       | 2 |  2.0
Staves         | 3 |  3.1
Throwing       | |  1.9
Dodging        | |  2.7

Action                   || total
-------------------------++-------
Melee: Quarterstaff      ||    52
       Bite              ||    17
 Stab: Sleeping          ||     1
Armor: Leather armour    ||    12
Dodge: Dodged            ||    33

Table legend:
 A = Spawn XP
 B = Non-spawn XP
 C = Spawn XP percentage of total XP
 D = Spawn monster count
 E = Non-spawn monster count
 F = Spawn count percentage of total count
 G = Total turns spent on level
                    A         B        C        D         E        F      G
               +---------+---------+-------+---------+---------+-------+---------
         Total |       0 |      33 |   0.0 |       0 |      16 |   0.0 |   946
               +---------+---------+-------+---------+---------+-------+---------
           D:1 |       0 |      22 |   0.0 |       0 |      10 |   0.0 |   847
           D:2 |       0 |      11 |   0.0 |       0 |       6 |   0.0 |    99
               +---------+---------+-------+---------+---------+-------+---------
